 Dungeon Crawl Stone Soup version 0.30-a0-989-g0d87f670db (webtiles) character file.

Game seed: 9673294179706075713

256 retardedninja the Chopper (level 6, -1/85 HPs)
             Began as a Naga Fighter on Apr 3, 2023.
             Slain by a gnoll
             ... wielding a +0 spear
              (2 damage)
             ... on level 4 of the Dungeon.
             The game lasted 00:03:29 (2403 turns).

retardedninja the Chopper (Naga Fighter)            Turns: 2403, Time: 00:03:30

Health: -1/85      AC: 23    Str: 19 (20) XL:     6   Next: 15%
Magic:  6/6        EV:  1    Int:  8 (9)  God:
Gold:   169        SH:  0    Dex:  8 (10) Spells: 5/5 levels left

rFire   . . .      SeeInvis +    a - +0 war axe
rCold   . . .      Faith    .    c - +0 buckler
rNeg    + . .      Spirit   .    b - melded +0 scale mail
rPois   +          Reflect  .    (helmet currently unavailable)
rElec   .          Rampage  .    s - melded +0 cloak
rCorr   .          NoTele   +    (gloves currently unavailable)
Will    +....                    i - melded +0 barding
Stlth   +                        (no amulet)
HPRegen 0.34/turn                h - ring of willpower
MPRegen 0.10/turn                m - ring of positive energy

@: tree-form (expiring), held, hasted, very quick
A: stationary, stasis, torment immunity, boosted hp, AC +2, large, see
invisible, (deformed body), (poison resistance), (slowness 2), spit poison 1,
(naga tail 1)
a: Spit Poison


You were on level 4 of the Dungeon.
You were a tree.
You visited 1 branch of the dungeon, and saw 4 of its levels.

You collected 169 gold pieces.

Inventory:

Hand Weapons
 a - a +0 war axe (weapon)
Armour
 b - a +0 scale mail (melded)
 c - a +0 buckler (worn)
 i - a +0 barding (melded)
 s - a +0 cloak (melded)
Jewellery
 h - a ring of willpower (left branch)
 m - a ring of positive energy (right branch)
Scrolls
 f - a scroll of butterflies {unknown}
 g - a scroll of fear {unknown}
 o - 2 scrolls of teleportation {unknown}
 p - a scroll of enchant weapon {unknown}
Potions
 d - a potion of might
 e - a potion of lignification
 k - a potion of attraction
 l - a potion of cancellation
 n - a potion of brilliance
 r - 2 potions of flight


   Skills:
 + Level 3.9 Fighting
 * Level 4.2 Axes
 + Level 3.3 Armour
 + Level 3.6 Shields


You had 5 spell levels left.
You didn't know any spells.
Your spell library was empty.

Dungeon Overview and Level Annotations

Branches:
Dungeon (4/15)
 Temple: D:4-7

Altars:
Xom

Shops:
D:1 ?:!

Portals:
Sewer: D:4


Innate Abilities, Weirdness & Mutations

You are a tree.
Your roots penetrate the ground, keeping you stationary.
You cannot be teleported.
You are immune to unholy pain and torment.
Your maximum health is greatly increased.
Your equipment is partially melded.
((Your serpentine skin is tough. (AC +2)))
You have supernaturally acute eyesight. (SInv)
((Armour fits poorly on your strangely shaped body.))
((Your system is resistant to poisons. (rPois)))
((You cover ground very slowly.))
You can spit poison.
((You have a snake-like lower body.))


Message History

The gnoll hits you but does no damage. x2
Unknown command.
The gnoll hits you but does no damage.
The gnoll hits you from afar with a +0 spear.
* * * LOW HITPOINT WARNING * * *
The gnoll hits you but does no damage.
Unknown command.
The gnoll hits you but does no damage.
Unknown command.
The gnoll hits you but does no damage.
The gnoll splashes around in the water.
Unknown command.
The gnoll hits you from afar with a +0 spear!
* * * LOW HITPOINT WARNING * * *
The gnoll hits you but does no damage. x2
Unknown command.
The gnoll hits you but does no damage.
Unknown command.
The gnoll hits you but does no damage.
The gnoll splashes around in the water.
Unknown command.
The gnoll hits you but does no damage.
The gnoll hits you from afar with a +0 spear.
* * * LOW HITPOINT WARNING * * *
The gnoll splashes around in the water.
Unknown command.
The gnoll splashes around in the water.
Unknown command.
Your transformation is almost over.
The gnoll hits you from afar with a +0 spear.
* * * LOW HITPOINT WARNING * * *
The gnoll hits you but does no damage.
Unknown command.
The gnoll hits you but does no damage. x3
Unknown command.
The gnoll splashes around in the water.
You struggle against the net.
The gnoll hits you but does no damage. x2
You struggle against the net.
The gnoll hits you from afar with a +0 spear.
* * * LOW HITPOINT WARNING * * *
The gnoll hits you from afar with a +0 spear.
You die...

...## ....## #........
.....# ####.#......
<....## ##...........
......## ##..#~..#.....
.......# #...~~~~~.....
.......# #.#~~~~~~~#...
.†.....####.~~~~~~~~....
.......##....~~~♣~~~....
#.......#.#..~~)†~~~....
............#†~ggg~~#...
........†.....~†~~~.....
..............#~..#.....
........................
#..##.....).............
#).#....................
#..#....................


You could see 3 gnolls.

Vanquished Creatures
  A bullfrog (D:4)
  Jessica (D:3)
  Natasha (twice) (D:3)
  A gnoll (D:4)
  4 adders
  An ufetubus (D:4)
  A worm (D:3)
  5 ball pythons
  7 endoplasms
  6 giant cockroaches
  6 goblins
  9 hobgoblins
  8 bats
  3 frilled lizards (D:1)
  5 kobolds
  2 rats (D:2)
62 creatures vanquished.

Notes
Turn   | Place    | Note
-------+----------+-------------------------------------------
     0 | D:1      | retardedninja the Naga Fighter began the quest for the Orb.
     0 | D:1      | Reached XP level 1. HP: 21/21 MP: 1/1
   194 | D:1      | You fall into a shaft and drop 1 floor!
   386 | D:1      | Found Onuleh's Book Emporium.
   414 | D:1      | Found a faded altar of an unknown god.
   417 | D:1      | Reached XP level 2. HP: 26/28 MP: 2/2
   598 | D:1      | Found Laop's Distillery.
   784 | D:1      | Reached XP level 3. HP: 34/34 MP: 3/3
   977 | D:1      | Found Suim Luko's Magic Scroll Emporium.
  1452 | D:2      | Reached skill level 3 in Axes
  1679 | D:3      | Reached XP level 4. HP: 42/42 MP: 4/4
  1741 | D:3      | Noticed Jessica
  1747 | D:3      | Killed Jessica
  1793 | D:3      | Noticed Natasha
  1809 | D:3      | Killed Natasha
  1810 | D:3      | Reached XP level 5. HP: 31/49 MP: 5/5
  2054 | D:3      | Noticed Natasha
  2067 | D:3      | Killed Natasha
  2090 | D:3      | Found a shimmering altar of Xom.
  2350 | D:4      | Found a glowing drain.
  2388 | D:4      | Reached skill level 4 in Axes
  2388 | D:4      | Reached XP level 6. HP: 14/57 MP: 6/6
  2394 | D:4      | HP: 3/85 [gnoll/+0 spear (7)]
  2399 | D:4      | HP: 2/85 [gnoll/+0 spear (1)]
  2403 | D:4      | Slain by a gnoll

Illustrated notes

Levels and vault maps discovered:
D:1:      roderic_crossed_star, layout_loops_ring,
          shapermc_ecumenical_altar_venn, serial_shops,
          nicolae_shop_temple_entry_statues_fountains, shop, shop,
          kennysheep_minor_cross
D:2:      layout_loops_cross, serial_bayou_pond_d
D:3:      layout_rooms, mainiacjoe_overflow_boulevard,
          chequers_serial_rivers_micro_c, dk_noncrumbling_4, uniq_natasha,
          uniq_jessica
D:4:      layout_layer_cave, nicolae_overflow_crystal_walls,
          cheibrodos_sewer_entry_drain

Skill      XL: |  1  2  3  4  5 |
---------------+----------------+-----
Shields        | 3 |  3.6
Axes           | 3 4 |  4.2
Armour         | 3 |  3.3
Fighting       | |  3.9

Action                     |  1- 3 |  4- 6 || total
---------------------------+-------+-------++-------
  Melee: War axe           |   100 |    82 ||   182
    Use: Scroll            |       |     6 ||     6
         Potion            |       |     3 ||     3
 Armour: Scale mail        |    64 |    68 ||   132
         Skin              |       |    25 ||    25
  Dodge: Dodged            |    35 |    20 ||    55
  Block: Buckler           |    32 |    16 ||    48

Table legend: (Time is in decaauts)
 A = Elapsed time spent in this place.
 B = Non-inter-level travel time spent in this place.
 C = Inter-level travel time spent in this place.
 D = Time resting spent in this place.
 E = Time spent auto-exploring this place.
 F = Levels seen in this place.
 G = Mean time per level.
                   A        B        C        D        E       F      G
               +--------+--------+--------+--------+--------+-----+--------+
         Total |   3065 |   2973 |     92 |    420 |   2008 |   4 |  766.2 |
       Dungeon |   3065 |   2973 |     92 |    420 |   2008 |   4 |  766.2 |
               +--------+--------+--------+--------+--------+-----+--------+

Top non-repeatable levels by time:
     D:1: 1064 daAuts
     D:2: 1012 daAuts
     D:3: 897 daAuts
     D:4: 91 daAuts
